[Event "Early-Titled-Tuesday-Blitz-May-07-2024"]
[Site "Chess.com"]
[Date "2024.05.07"]
[Round "4"]
[White "Sanyura"]
[Black "Jospem"]
[Result "0-1"]
[WhiteElo "2622"]
[BlackElo "3051"]
[TimeControl "180+1"]
[EndTime "8:41:09 PDT"]
[Termination "Jospem won by resignation"]

1. e4 c5 2. Nf3 d6 3. d4 cxd4 4.
Nxd4 a6 5. Nc3 e6 6. g3 Bd7 7. Bg2 Nc6 8. O-O Rc8 9. a4 Nf6 10. Nce2 Be7 11. b3 O-O 12. c4 Qc7 13. h3 Rfd8 14. Be3 Qb8 15. g4 Be8 16. g5 Nd7 17.
h4 Nc5 18. h5 Qc7 19. g6 fxg6 20. b4 Nxb4 21. Nf4 Bf7 22. hxg6 hxg6 23. Bh3 e5 24.
Nfe6 Qd7 25. Ng5 Qe8 26. Nde6 Nxe6 27. Nxe6 Rd7 28. Ng5 Bxc4 29. Qg4 Bxg5 30. Qxd7 Qxd7 31. Bxd7 Rc7 32. Bxg5 Rxd7 33. Rfd1 Nc2 34. Rac1 Bb3 35. Rd3 Bxa4 36. Rc3 Nd4 37. Rc8+ Kf7 38. R1c7 Nf3+ 39.
Kf1 Nxg5 40. Rxd7+ Bxd7 41. Rc7 Ke6 42. Rxb7 Nxe4 43.
Ra7 g5 44. Kg2 Nc5 45. Kg3 d5 46. Kg4 d4 47. Kxg5 d3 0-1

[Event "Early-Titled-Tuesday-Blitz-May-07-2024"]
[Site "Chess.com"]
[Date "2024.05.07"]
[Round "4"]
[White "lamomiajunior"]
[Black "AlexanderKing"]
[Result "1-0"]
[WhiteElo "2824"]
[BlackElo "2578"]
[TimeControl "180+1"]
[EndTime "8:41:12 PDT"]
[Termination "lamomiajunior won by resignation"]

1. d4 Nf6 2. Nc3 d5 3. Bf4 c5 4. e4 Nxe4 5. Bb5+ Bd7 6. Nxd5 Bxb5 7. Nc7+ Kd7 8. dxc5+ Kc8 9. Qxd8+ Kxd8 10. Nxb5 Nxc5 11.
Nc7 Ne6 12. Nxe6+ fxe6 13. O-O-O+ Ke8 14. Nf3 h6 15. Rhe1 Nc6 16. Rxe6 g5 17. Bg3 Bg7 18. Ree1 Rc8 19. Kb1 Rf8 20. Re2 Rf5 21. h3 Rb5 22.
b3 Nb4 23. c4 Rb6 24. Be5 Bf8 25. Bb2 a5 26. Nd4 a4 27. Nb5 axb3 28. axb3 Nc6 29. Nd6+ Kd7 30. Nxc8+ Kxc8 31. Rd3 Na5 32. Rf3 1-0

[Event "Early-Titled-Tuesday-Blitz-May-07-2024"]
[Site "Chess.com"]
[Date "2024.05.07"]
[Round "4"]
[White "sofaceindisguise"]
[Black "Njal28"]
[Result "0-1"]
[WhiteElo "2743"]
[BlackElo "3120"]
[TimeControl "180+1"]
[EndTime "8:41:13 PDT"]
[Termination "Njal28 won by resignation"]

1. d4 c6 2. c4 Nf6 3. Nf3 d5 4.
e3 e6 5. Nbd2 Nbd7 6. Bd3 Be7 7.
O-O O-O 8. b3 b6 9. Bb2 Bb7 10.
Qe2 c5 11. cxd5 Nxd5 12. Rac1 Rc8 13. Rfd1 Rc7 14. dxc5 Nxc5 15. Bc4 Qa8 16. Be5 Rcc8 17.
Nf1 Rfd8 18. Ng3 Nd7 19. Bb2 Bf6 20. Bxf6 N7xf6 21. Ba6 h6 22. Bxb7 Qxb7 23. Qb2 Nb4 24. a3 Rxd1+ 25. Rxd1 Nbd5 26. Ne2 Ne4 27. Rc1 Rxc1+ 28.
Qxc1 Qa6 29. Ned4 Ndc3 30. h3 Qe2 31. Qxc3 Qxf2+ 0-1

[Event "Early-Titled-Tuesday-Blitz-May-07-2024"]
[Site "Chess.com"]
[Date "2024.05.07"]
[Round "4"]
[White "LileKoridze"]
[Black "ansko1999"]
[Result "0-1"]
[WhiteElo "2384"]
[BlackElo "2645"]
[TimeControl "180+1"]
[EndTime "8:41:20 PDT"]
[Termination "ansko1999 won by resignation"]

1. d4 d5 2. c4 c6 3. Nf3 e6 4. e3 Bd6 5. Bd3 f5 6. O-O Nf6 7. Nbd2 Nbd7 8. b3 O-O 9. Bb2 Ne4 10. Ne5 Nxe5 11. dxe5 Bb4 12. Nf3 Bd7 13. cxd5 cxd5 14. Rc1 Qa5 15. a3 Be7 16. b4 Qd8 17. Nd4 a6 18. f3 Ng5 19. h4 Nf7 20. Bxf5 exf5 21. e6 Bxh4 22. exd7 Qxd7 23. Nb3 Bg3 24. e4 Qe7 25. Qxd5 Qh4 26. Rf2 Bxf2+ 27. Kf1 Be3 0-1

[Event "Early-Titled-Tuesday-Blitz-May-07-2024"]
[Site "Chess.com"]
[Date "2024.05.07"]
[Round "4"]
[White "JJDAREK"]
[Black "Irishchessman16"]
[Result "0-1"]
[WhiteElo "2366"]
[BlackElo "2545"]
[TimeControl "180+1"]
[EndTime "8:41:20 PDT"]
[Termination "Irishchessman16 won by checkmate"]

1. d4 f5 2. Nf3 Nf6 3. Bf4 e6 4.
e3 Be7 5. h3 O-O 6. c4 d6 7.
Nc3 Nc6 8. Be2 Qe8 9. O-O Bd8 10. Bh2 e5 11. dxe5 dxe5 12. c5 Kh8 13. a3 e4 14. Nd4 Ne5 15. b4 c6 16. Qb3 Bc7 17. b5 g5 18. bxc6 bxc6 19. Rab1 f4 20. exf4 gxf4 21. Bxf4 Bxh3 22. gxh3 Qd7 23. Nxe4 Qxd4 24.
Nxf6 Qxf4 25. Nh5 Nf3+ 26. Bxf3 Qh2# 0-1

[Event "Early-Titled-Tuesday-Blitz-May-07-2024"]
[Site "Chess.com"]
[Date "2024.05.07"]
[Round "4"]
[White "LeoLV10"]
[Black "Alina_Gumerovna"]
[Result "1-0"]
[WhiteElo "2477"]
[BlackElo "2178"]
[TimeControl "180+1"]
[EndTime "8:41:20 PDT"]
[Termination "LeoLV10 won on time"]

1. e4 e5 2. Nf3 Nf6 3. d4 Nxe4 4. Bd3 d5 5. Nxe5 Nd7 6. Nxd7 Bxd7 7. O-O Bd6 8. Nc3 Nxc3 9. bxc3 O-O 10. Qh5 f5 11. Bg5 Qe8 12. Qf3 c6 13. Rfe1 Qg6 14. Bf4 Rae8 15. h3 h6 16. Rab1 b6 17. c4 Bxf4 18.
Qxf4 Be6 19. c5 b5 20. a4 a6 21. axb5 axb5 22. Qc7 Rc8 23. Qd6 Bf7 24. Qd7 Qf6 25. c3 f4 26. f3 Rfd8 27. Qg4 Re8 28. Kh2 1-0

[Event "Early-Titled-Tuesday-Blitz-May-07-2024"]
[Site "Chess.com"]
[Date "2024.05.07"]
[Round "4"]
[White "mishanick"]
[Black "Sjakkerntobi"]
[Result "1-0"]
[WhiteElo "3032"]
[BlackElo "2538"]
[TimeControl "180+1"]
[EndTime "8:41:21 PDT"]
[Termination "mishanick won by resignation"]

1. d4 Nf6 2. c4 c5 3. d5 e6 4. Nc3 exd5 5. cxd5 d6 6. e4 g6 7. Be2 Bg7 8. Nf3 O-O 9. Be3 Re8 10. Nd2 a6 11. a4 Nbd7 12. O-O Rb8 13. Bf4 Qc7 14.
Nc4 Bf8 15. Qc2 b5 16. axb5 axb5 17. Na3 b4 18. Ncb5 Qd8 19. Nxd6 bxa3 20. Nxe8 Rxb2 21. Qd1 Qxe8 22. f3 Nxd5 23. Qxd5 Rxe2 24. Rxa3 Nb6 25. Qd1 Qb5 26. Rb3 Qc6 27. Qxe2 Be6 28. Rc3 Bg7 29. Rcc1 Bd4+ 30. Be3 Qd6 31. Bxd4 cxd4 32. Rfd1 d3 33. Qxd3 Qxd3 34. Rxd3 Nc4 35. Rd4 Ne5 36. Rc5 Nd7 37. Rc6 Nf6 38. Kf2 Kg7 39. h4 h5 40. Ke3 Ng8 41.
Rdd6 Ne7 42. Rxe6 fxe6 43. Rxe6 Kf7 44. Ra6 Ng8 45. Kf4 Kg7 46. Kg5 Kh7 47. Ra7+ Kh8 48.
Kxg6 1-0

[Event "Early-Titled-Tuesday-Blitz-May-07-2024"]
[Site "Chess.com"]
[Date "2024.05.07"]
[Round "4"]
[White "besarquis"]
[Black "pfalcon1949"]
[Result "1-0"]
[WhiteElo "2273"]
[BlackElo "1938"]
[TimeControl "180+1"]
[EndTime "8:41:21 PDT"]
[Termination "besarquis won by resignation"]

1. e4 e6 2. d4 d5 3. exd5 exd5 4. Nf3 Nf6 5. Bd3 c5 6. c3 c4 7. Bc2 Nc6 8. O-O Be7 9. h3 O-O 10. Re1 h6 11. Bf4 Be6 12. b3 cxb3 13. axb3 Rc8 14.
Nbd2 a6 15. b4 Bd6 16. Ne5 Bxe5 17. dxe5 Nd7 18. Nb3 Qc7 19. Qd3 g6 20. Bxh6 Rfe8 21. Qg3 Ndxe5 22. Bf4 Bd7 23. Nc5 Be6 24. Bxe5 Nxe5 25.
Qxe5 Bxh3 26. Qxc7 Rxe1+ 27. Rxe1 Rxc7 28. gxh3 1-0

[Event "Early-Titled-Tuesday-Blitz-May-07-2024"]
[Site "Chess.com"]
[Date "2024.05.07"]
[Round "4"]
[White "Shield12"]
[Black "Arhan_Anand"]
[Result "1-0"]
[WhiteElo "3001"]
[BlackElo "2619"]
[TimeControl "180+1"]
[EndTime "8:41:24 PDT"]
[Termination "Shield12 won by resignation"]

1. Nf3 d5 2. c4 e6 3. e3 Nf6 4.
Nc3 Be7 5. b3 O-O 6. Bb2 c5 7.
cxd5 exd5 8. d4 Nc6 9. Be2 b6 10.
O-O Be6 11. Rc1 Qd7 12. dxc5 bxc5 13. Na4 Ne4 14. Bd3 Qc7 15. Nd2 Rfd8 16. Qe2 Nxd2 17. Qxd2 c4 18. Bb1 Bd6 19. h3 Be5 20. Nc5 Rac8 21.
Qc2 g6 22. Nxe6 fxe6 23. bxc4 Qb8 24. Ba3 Nb4 25. Qb3 a5 26. cxd5 Rxc1 27. Rxc1 exd5 28. Rd1 Qb7 29. Be4 Kg7 30. Bxb4 Qxb4 31. Qxb4 axb4 32.
Bxd5 Bc3 33. g3 Kf6 34. f4 Ke7 35. Kf2 Rd6 36. Kf3 Rd7 37. e4 Rd8 38. Rd3 Bb2 39.
e5 Rc8 40. Bb3 Rc3 41. Rxc3 Bxc3 42. g4 Bb2 43. Ke4 Bc1 44. f5 gxf5+ 45. gxf5 Bh6 46. f6+ Ke8 47. e6 Bf8 48. Ba4+ Kd8 49. Kd5 h6 50. Bb5 h5 51. h4 1-0

[Event "Early-Titled-Tuesday-Blitz-May-07-2024"]
[Site "Chess.com"]
[Date "2024.05.07"]
[Round "4"]
[White "cthulhuuu"]
[Black "GothamChess"]
[Result "0-1"]
[WhiteElo "2510"]
[BlackElo "2723"]
[TimeControl "180+1"]
[EndTime "8:41:24 PDT"]
[Termination "GothamChess won by resignation"]

1. e4 d5 2. exd5 Qxd5 3. d3 Nc6 4. Nc3 Qe5+ 5. Be2 Nd4 6. Be3 Nxe2 7. Qxe2 Nf6 8. Nf3 Qh5 9. O-O-O Bg4 10. h3 Bxf3 11. gxf3 e6 12. Rdg1 h6 13. Bf4 O-O-O 14. Be5 Qf5 15.
d4 a6 16. Ne4 Ne8 17. Qc4 Qxf3 18. Nc5 Qc6 19. Qe2 Bxc5 20. dxc5 f6 21. Bc3 e5 22. f3 Qxc5 23. Rd1 Rxd1+ 24. Rxd1 Nd6 25. Rg1 g5 26. Qd3 Qxg1+ 0-1

[Event "Early-Titled-Tuesday-Blitz-May-07-2024"]
[Site "Chess.com"]
[Date "2024.05.07"]
[Round "4"]
[White "shirovin"]
[Black "rhwr"]
[Result "1-0"]
[WhiteElo "2083"]
[BlackElo "2286"]
[TimeControl "180+1"]
[EndTime "8:41:24 PDT"]
[Termination "shirovin won by resignation"]

1. e4 c5 2. f4 e6 3. Nf3 d5 4.
Nc3 dxe4 5. Nxe4 Nf6 6. Nf2 Bd6 7. d4 cxd4 8. Nxd4 O-O 9. Be2 e5 10. Nb5 Bb4+ 11. c3 Qxd1+ 12. Nxd1 Ba5 13. fxe5 Nfd7 14. Bf4 Nc6 15. O-O Ndxe5 16. Nd6 Bb6+ 17. Kh1 Ng6 18.
Bg3 Nce5 19. Nf2 Be6 20. Nxb7 Rab8 21. Nd6 Bxf2 22. Bxf2 Rxb2 23. Ba6 Ng4 24. Bg1 Nh4 25. Rab1 Rxa2 26. Bb7 Rd2 27. Ne4 Rc2 28. Bd4 Nf5 29. Nc5 Nfe3 30. Rfc1 Rxg2 31. Bxg2 1-0

[Event "Early-Titled-Tuesday-Blitz-May-07-2024"]
[Site "Chess.com"]
[Date "2024.05.07"]
[Round "4"]
[White "mbojan"]
[Black "alpope"]
[Result "1-0"]
[WhiteElo "2909"]
[BlackElo "2523"]
[TimeControl "180+1"]
[EndTime "8:41:25 PDT"]
[Termination "mbojan won by resignation"]

1. a3 g6 2. g3 Bg7 3. Bg2 Nf6 4. d3 O-O 5. Bd2 c5 6. Qc1 Re8 7. Bh6 Bh8 8. h4 d5 9. Nc3 Nc6 10. h5 d4 11. Ne4 Nxe4 12. Bxe4 e5 13. hxg6 fxg6 14.
Nf3 Bf5 15. Bxf5 gxf5 16. Rh5 Qf6 17. Qg5+ Qxg5 18. Rxg5+ Kf7 19. Rxf5+ Kg6 20. Rg5+ Kf7 21. Rf5+ Kg6 22. Rg5+ Kf7 23. Nd2 Bf6 24. Rh5 Kg6 25. Rh1 b5 26. Ne4 c4 27. Kd2 Ne7 28. Kd1 Nd5 29. g4 a5 30. Bd2 Bg7 31. a4 cxd3 32. cxd3 b4 33. Kc2 b3+ 34. Kxb3 Reb8+ 35. Ka2 Nb4+ 36. Bxb4 Rxb4 37. b3 Rab8 38. Rab1 Bf8 39. Rhc1 R8b6 40. Rc4 h5 41. gxh5+ Kxh5 42. Rxb4 Bxb4 43.
Rg1 Rc6 44. Kb2 Kh4 45. Ng5 Bc3+ 46. Ka2 Bb4 47. Nf3+ Kh5 48. Rh1+ Kg4 49. Nxe5+ 1-0

[Event "Early-Titled-Tuesday-Blitz-May-07-2024"]
[Site "Chess.com"]
[Date "2024.05.07"]
[Round "4"]
[White "chess_sharparchitect"]
[Black "ImportedItalianMaple"]
[Result "0-1"]
[WhiteElo "2270"]
[BlackElo "2495"]
[TimeControl "180+1"]
[EndTime "8:41:26 PDT"]
[Termination "ImportedItalianMaple won on time"]

1. c4 g6 2. Nc3 Bg7 3. d4 d6 4. e4 e5 5. d5 f5 6. exf5 Bxf5 7. g4 Bd7 8. Bd3 Nf6 9. h3 O-O 10.
Bg5 Na6 11. Qd2 Nc5 12. Bc2 a5 13. O-O-O a4 14. Nge2 Qb8 15. Ng3 b5 16. cxb5 Bxb5 17. Bxf6 Rxf6 18. Nge4 Nxe4 19. Nxe4 Rf4 20. g5 Qb6 21. h4 Rb8 22. Qc3 Be2 23. Rd2 Rf3 24. Bd3 Bxd3 25. Rxd3 Rxd3 26. Qxd3 Qxb2+ 27. Kd1 Qb1+ 28.
Ke2 Rb2+ 29. Ke3 Qxh1 30. Nf6+ Bxf6 31. gxf6 Qe1+ 32. Kf3 Rxf2+ 0-1

[Event "Early-Titled-Tuesday-Blitz-May-07-2024"]
[Site "Chess.com"]
[Date "2024.05.07"]
[Round "4"]
[White "dennisodessa"]
[Black "VirtualCoach"]
[Result "1-0"]
[WhiteElo "2539"]
[BlackElo "2137"]
[TimeControl "180+1"]
[EndTime "8:41:28 PDT"]
[Termination "dennisodessa won by resignation"]

1. d4 Nf6 2. c4 e6 3. Nc3 Bb4 4.
Qc2 O-O 5. a3 Bxc3+ 6. Qxc3 d5 7. Bg5 h6 8. Bxf6 Qxf6 9. e3 c6 10. Nf3 Nd7 11. Be2 Re8 12. Rd1 dxc4 13. Bxc4 b5 14.
Be2 Bb7 15. O-O a6 16. Ne5 Nb6 17. Bf3 Nd5 18. Qc5 Rac8 19. Rc1 Qe7 20. Rc2 f6 21. Nd3 e5 22. dxe5 fxe5 23. Bh5 Qxc5 24. Nxc5 Red8 25.
Nxb7 1-0

[Event "Early-Titled-Tuesday-Blitz-May-07-2024"]
[Site "Chess.com"]
[Date "2024.05.07"]
[Round "4"]
[White "Valeron87"]
[Black "xasid81"]
[Result "0-1"]
[WhiteElo "2448"]
[BlackElo "2640"]
[TimeControl "180+1"]
[EndTime "8:41:29 PDT"]
[Termination "xasid81 won by resignation"]

1. e4 a6 2. d4 d6 3. Nf3 g6 4. h4 h6 5. a4 Bg7 6. Nc3 e6 7. Be3 Ne7 8. Qd2 b6 9. O-O-O Bb7 10. h5 g5 11. Nh2 f5 12. f4 gxf4 13. Bxf4 fxe4 14.
Qe2 d5 15. g4 Nbc6 16. g5 hxg5 17. Bxg5 Qd6 18. h6 Bxd4 19. Qh5+ Kd7 20. Ne2 Be5 21. Ng4 Raf8 22. Bh3 Nf5 23. Nxe5+ Qxe5 24. Nf4 Nce7 25. Bxe7 Qxf4+ 26. Kb1 Kxe7 27. Rhf1 Qxh6 0-1

[Event "Early-Titled-Tuesday-Blitz-May-07-2024"]
[Site "Chess.com"]
[Date "2024.05.07"]
[Round "4"]
[White "Nf3c5"]
[Black "Grandelicious"]
[Result "0-1"]
[WhiteElo "2602"]
[BlackElo "2896"]
[TimeControl "180+1"]
[EndTime "8:41:30 PDT"]
[Termination "Grandelicious won by resignation"]

1. e4 e5 2. Nf3 Nc6 3. Nc3 g6 4.
d4 exd4 5. Nxd4 Bg7 6. Be3 Nf6 7. Be2 O-O 8. Nxc6 bxc6 9. O-O d6 10. Qd2 Re8 11. Bd3 Bb7 12. Rae1 c5 13. f3 Bc6 14. Bc4 Nd7 15. Bg5 Qb8 16. b3 Nb6 17.
Ne2 Nxc4 18. bxc4 Qb4 19. Qd3 Rab8 20. Nf4 h6 21. Bh4 g5 22. Nh5 gxh4 23. Nxg7 Kxg7 24.
f4 Qb2 25. c3 Qb7 26. f5 Rxe4 27. f6+ Kh8 28. Rxe4 Bxe4 29. Qe3 Kh7 30. Rf4 Qb1+ 31. Rf1 Qc2 32. Qh3 Rb2 0-1

[Event "Early-Titled-Tuesday-Blitz-May-07-2024"]
[Site "Chess.com"]
[Date "2024.05.07"]
[Round "4"]
[White "sokidze"]
[Black "toninhojit"]
[Result "0-1"]
[WhiteElo "2818"]
[BlackElo "2586"]
[TimeControl "180+1"]
[EndTime "8:41:31 PDT"]
[Termination "toninhojit won by resignation"]

1. d4 Nf6 2. c4 e6 3. Nf3 d5 4. g3 Be7 5. Bg2 O-O 6. Qc2 dxc4 7. Qxc4 a6 8. Bf4 b5 9. Qxc7 Qxc7 10.
Bxc7 Bb7 11. O-O Rc8 12. Rc1 Bd6 13. Bxd6 Rxc1+ 14. Bf1 Nc6 15. Bf4 Rd1 16. a3 Rd8 17. e3 Nd5 18. Kg2 Nxf4+ 19. gxf4 Na5 20. Be2 Rc1 21. b4 Bxf3+ 22. Bxf3 Nb3 23. Ra2 Rxb1 24. Rc2 Rc1 25. Rb2 Rc3 26. Bd1 Nc1 27. a4 Nd3 28. Rd2 Nxb4 29. axb5 axb5 30. Rb2 Nd5 31. Rxb5 g6 32. Bf3 Rc2 33. Kg3 h5 34. h4 Kg7 35.
Be4 Rd2 36. Rb7 Nf6 37. Bf3 Rc8 0-1

[Event "Early-Titled-Tuesday-Blitz-May-07-2024"]
[Site "Chess.com"]
[Date "2024.05.07"]
[Round "4"]
[White "jinxy2009"]
[Black "Chessdreamer2020"]
[Result "0-1"]
[WhiteElo "2287"]
[BlackElo "2516"]
[TimeControl "180+1"]
[EndTime "8:41:31 PDT"]
[Termination "Chessdreamer2020 won on time"]

1. e4 d6 2. Nf3 Nf6 3. Nc3 e5 4. d4 Nbd7 5. Bc4 Be7 6. O-O O-O 7. Re1 c6 8. a4 a5 9. h3 Nb6 10. Bb3 Nfd7 11. Be3 exd4 12. Nxd4 Nc5 13. Ba2 Ncxa4 14. Nf5 Bxf5 15. exf5 Nxc3 16. bxc3 Nd7 17. Rb1 b5 18. Qf3 d5 19. Bf4 Bf6 20. g4 h6 21. Kg2 Re8 22.
Rbd1 Ne5 23. Qg3 Nc4 24. Bxc4 bxc4 25. Be5 a4 26. Bxf6 Qxf6 27. Qc7 Rec8 28. Qd7 a3 29. Re7 a2 30. Ra1 Rd8 31. Qc7 Rdc8 32. Qd7 Kf8 33. Rxa2 Qxe7 34. Rxa8 Qxd7 0-1

[Event "Early-Titled-Tuesday-Blitz-May-07-2024"]
[Site "Chess.com"]
[Date "2024.05.07"]
[Round "4"]
[White "TigranMukhutdinov"]
[Black "Silvederione"]
[Result "0-1"]
[WhiteElo "2681"]
[BlackElo "2502"]
[TimeControl "180+1"]
[EndTime "8:41:34 PDT"]
[Termination "Silvederione won by resignation"]

1. e4 c5 2. Nf3 Nc6 3. Nc3 g6 4.
d4 cxd4 5. Nxd4 Bg7 6. Nb3 Nf6 7. Be2 O-O 8. O-O d6 9. Re1 a6 10. Bf1 Bg4 11. f3 Be6 12. Be3 b5 13. a4 b4 14.
Nd5 Bxd5 15. exd5 Na5 16. Qd2 Nxb3 17. cxb3 Qa5 18. Bc4 Nd7 19. Bg5 Ne5 20. Bxe7 Rfe8 21. Bg5 Nxc4 22. bxc4 Qc5+ 23. Kh1 Qxc4 24. Rac1 Qb3 25.
Rxe8+ Rxe8 26. h4 Qxb2 27. Rc2 Qa1+ 28. Kh2 b3 29. Rc7 b2 0-1

[Event "Early-Titled-Tuesday-Blitz-May-07-2024"]
[Site "Chess.com"]
[Date "2024.05.07"]
[Round "4"]
[White "platy3"]
[Black "IriBu"]
[Result "1-0"]
[WhiteElo "2870"]
[BlackElo "2587"]
[TimeControl "180+1"]
[EndTime "8:41:37 PDT"]
[Termination "platy3 won by resignation"]

1. c4 Nf6 2. g3 g6 3. b3 Bg7 4. Bb2 O-O 5. Bg2 d6 6. Nf3 e5 7. O-O Nc6 8. Nc3 Bg4 9. d3 Qd7 10. a3 a5 11. Nd2 Bh3 12. e3 Ne8 13. Nd5 Bxg2 14. Kxg2 Ne7 15. Rc1 Rd8 16. b4 axb4 17. axb4 c6 18. Nxe7+ Qxe7 19. b5 Ra8 20. Qb3 Nc7 21. Ra1 Ne6 22. Ba3 Qd7 23. Ne4 Rxa3 24. Qxa3 Rd8 25. bxc6 bxc6 26. Qa7 Qe8 27. c5 dxc5 28.
Nxc5 Nxc5 29. Qxc5 Rxd3 30. Rfc1 h5 31. Qxc6 Qe7 32.
Qc7 Rd7 33. Qc5 Qe6 34. Qc6 Rd6 35. Qc8+ Kh7 36. Qxe6 Rxe6 37. Ra7 Rf6 38. Rcc7 Kg8 39. h3 Bf8 40. g4 hxg4 41. hxg4 g5 42. Kf1 Kg7 43. Ke2 Kg8 44. Ra5 Bd6 45. Rc6 Kg7 46. Raa6 Be7 47. Rxf6 Bxf6 48. Kf3 1-0

[Event "Early-Titled-Tuesday-Blitz-May-07-2024"]
[Site "Chess.com"]
[Date "2024.05.07"]
[Round "4"]
[White "CrushingKings"]
[Black "dianamirza"]
[Result "1-0"]
[WhiteElo "2628"]
[BlackElo "1924"]
[TimeControl "180+1"]
[EndTime "8:41:37 PDT"]
[Termination "CrushingKings won by resignation"]

1. Nf3 d5 2. g3 Bg4 3. Bg2 Bxf3 4. Bxf3 e5 5. e4 d4 6. O-O Nf6 7. Bg2 Bd6 8. c3 O-O 9. cxd4 exd4 10. f4 d3 11. e5 Bc5+ 12. Kh1 Nd5 13. Qb3 c6 14. Qxb7 Nb4 15. Nc3 Nd7 16. Bxc6 Nxc6 17. Qxc6 Rc8 18.
Qd5 Qe7 19. b3 Rfd8 20. Bb2 Nb6 21. Qf3 Bd4 22. Rae1 a5 23. Qe4 Qc5 24. e6 fxe6 25. Qxe6+ Kh8 26. Ne4 Qc2 27. Bxd4 Rxd4 28. Ng5 1-0

[Event "Early-Titled-Tuesday-Blitz-May-07-2024"]
[Site "Chess.com"]
[Date "2024.05.07"]
[Round "4"]
[White "GoltsevDmitry2000"]
[Black "ChadBiryani"]
[Result "1/2-1/2"]
[WhiteElo "2783"]
[BlackElo "2569"]
[TimeControl "180+1"]
[EndTime "8:41:38 PDT"]
[Termination "Game drawn by repetition"]

1. e4 d6 2. Nf3 Nf6 3. Nc3 e5 4. d4 Nbd7 5. Bc4 Be7 6. dxe5 dxe5 7. O-O O-O 8. a4 c6 9. Bg5 Qc7 10. Qd2 Nc5 11. Rfe1 Bg4 12. h3 Bh5 13. Nh4 Rad8 14. Qe3 Ne6 15. Nf5 Bc5 16. Qg3 Nxg5 17. Qxg5 Bg6 18. h4 Kh8 19. g4 h6 20. Nxh6 Nh7 21. Qc1 gxh6 22. Qxh6 Qd7 23. Be2 Rg8 24. h5 Bxe4 25. Nxe4 Rxg4+ 26. Bxg4 Qxg4+ 27. Kf1 Qh3+ 28. Ke2 Qg4+ 29. Kf1 Qh3+ 30. Ke2 Qg4+ 31. Kf1 1/2-1/2

[Event "Early-Titled-Tuesday-Blitz-May-07-2024"]
[Site "Chess.com"]
[Date "2024.05.07"]
[Round "4"]
[White "willyam13"]
[Black "Aminazinas"]
[Result "1-0"]
[WhiteElo "2446"]
[BlackElo "2640"]
[TimeControl "180+1"]
[EndTime "8:41:38 PDT"]
[Termination "willyam13 won by checkmate"]

1. e4 e5 2. Nf3 Nc6 3. Bb5 a6 4. Ba4 Nf6 5. O-O Be7 6. Re1 b5 7. Bb3 O-O 8. h3 Bb7 9. d3 d6 10. a3 Na5 11. Ba2 c5 12. Nc3 Rc8 13. Bg5 b4 14. Bxf6 Bxf6 15. axb4 cxb4 16. Nd5 b3 17. Nxf6+ Qxf6 18. Bxb3 Nxb3 19. cxb3 Qe7 20. Nd2 f5 21. Nc4 Rcd8 22. Qe2 Qh4 23. f3 f4 24. Red1 Qe7 25. Na5 Ba8 26. d4 Rb8 27. d5 Qa7+ 28. Qf2 Qc7 29.
Rdc1 Qf7 30. Rc3 Rb5 31. Nc4 Qe7 32. Rxa6 Rd8 33. Nxd6 Rxd6 34. Rc8+ Rd8 35. Raxa8 Rxc8 36. Rxc8+ Kf7 37. Qc2 Qa7+ 38. Kh2 Rb7 39. d6 Ke6 40.
Qc4+ Kxd6 41. Qc6+ Ke7 42. Re8+ Kf7 43. Qe6# 1-0

[Event "Early-Titled-Tuesday-Blitz-May-07-2024"]
[Site "Chess.com"]
[Date "2024.05.07"]
[Round "4"]
[White "ViralduS"]
[Black "TheoSlade"]
[Result "1/2-1/2"]
[WhiteElo "2649"]
[BlackElo "2483"]
[TimeControl "180+1"]
[EndTime "8:41:41 PDT"]
[Termination "Game drawn by repetition"]

1. e4 e5 2. Nf3 Nc6 3. Bb5 g6 4.
O-O Bg7 5. c3 Nge7 6. d4 exd4 7.
cxd4 a6 8. Ba4 b5 9. Bb3 d6 10. Nc3 O-O 11. h3 Na5 12. Bc2 c5 13. Bf4 cxd4 14.
Nxd4 Nc4 15. b3 Ne5 16. Rc1 Bb7 17. Bb1 Rc8 18. Re1 Qb6 19. Be3 Qa5 20. Qd2 Rc7 21. Nd5 Qxd2 22. Nxe7+ Rxe7 23. Bxd2 Nd3 24. Nc6 Bxc6 25.
Bxd3 Bb7 26. Bb4 Rfe8 27. Bxd6 Re6 28. Bg3 f5 29. f3 fxe4 30. fxe4 Bxe4 31. Bxe4 Rxe4 32.
Rxe4 Rxe4 33. Rc8+ Kf7 34. Rc7+ Re7 35. Rc6 Re6 36.
Rc7+ Re7 37. Rc8 Re2 38. Rc7+ Re7 1/2-1/2

[Event "Early-Titled-Tuesday-Blitz-May-07-2024"]
[Site "Chess.com"]
[Date "2024.05.07"]
[Round "4"]
[White "NowInChess"]
[Black "kanzaww"]
[Result "0-1"]
[WhiteElo "2242"]
[BlackElo "2520"]
[TimeControl "180+1"]
[EndTime "8:41:42 PDT"]
[Termination "kanzaww won by checkmate"]

1. e4 e5 2. Nf3 Nc6 3. d4 exd4 4. Bc4 Bc5 5. c3 Nf6 6. e5 d5 7. Bb5 Ne4 8. cxd4 Bb6 9. O-O O-O 10. Nc3 Bg4 11.
Bxc6 bxc6 12. Be3 f6 13. Qa4 Bxf3 14. gxf3 Nxc3 15. bxc3 fxe5 16. Qxc6 Rxf3 17. Kg2 Rf6 18. Qb5 exd4 19. cxd4 Qd6 20. Kh1 Rf3 21. Kg2 Raf8 22.
Rg1 Qg6+ 23. Kh1 Qe4 24. Rg2 Bxd4 25. Bxd4 Qxd4 26. Rag1 R3f7 27. Qe2 Qe4 28. Qh5 Rxf2 29. h3 Rxg2 30. Rxg2 Rf1+ 31. Kh2 Qf4+ 32. Rg3 Rf2+ 33. Kh1 Qe4+ 34. Kg1 Qe1# 0-1

[Event "Early-Titled-Tuesday-Blitz-May-07-2024"]
[Site "Chess.com"]
[Date "2024.05.07"]
[Round "4"]
[White "SchmakAttack"]
[Black "m_ezat"]
[Result "1-0"]
[WhiteElo "2777"]
[BlackElo "2557"]
[TimeControl "180+1"]
[EndTime "8:41:43 PDT"]
[Termination "SchmakAttack won by resignation"]

1. d4 Nf6 2. c4 e6 3. Nf3 d5 4. Nc3 Be7 5. Bf4 O-O 6. Rc1 c5 7.
dxc5 Bxc5 8. cxd5 exd5 9. e3 Be6 10. a3 Nc6 11. Bd3 d4 12. Nb5 Bb6 13. Nbxd4 Nxd4 14. Nxd4 Bxd4 15. exd4 Bg4 16. Qd2 Re8+ 17. Be3 Ne4 18. Bxe4 Rxe4 19. f3 Re6 20. fxg4 Qh4+ 21. g3 Qh3 22.
Rc3 Rae8 23. Kd1 Qxg4+ 24. Kc1 b5 25. d5 Rd6 26. Bf4 Re2 27. Qxe2 1-0

[Event "Early-Titled-Tuesday-Blitz-May-07-2024"]
[Site "Chess.com"]
[Date "2024.05.07"]
[Round "4"]
[White "yashami"]
[Black "YouShallNotPass001"]
[Result "0-1"]
[WhiteElo "731"]
[BlackElo "2453"]
[TimeControl "180+1"]
[EndTime "8:41:44 PDT"]
[Termination "YouShallNotPass001 won by resignation"]

1. e4 Nf6 2. e5 Ne4 3. d4 e6 4. Nf3 d5 5. exd6 Nxd6 6. Bd3 Be7 7. O-O O-O 8. c4 Nd7 9. Nc3 c5 10. d5 e5 11. Re1 Bf6 12. Qc2 g6 13. Bh6 Re8 14.
Re2 Bh8 15. Rae1 f5 16. Bg5 Qb6 17. Qd1 Nf7 18. Na4 Qd6 19. Bf4 b6 20. Bb1 Bb7 21.
Nc3 a6 22. h4 Kf8 23. Ng5 Nxg5 24. Bxg5 e4 25. f3 Bd4+ 26. Kh1 exf3 27. Rxe8+ Rxe8 28. Rxe8+ Kxe8 29. Qxf3 Qe5 30. Qe2 Bxc3 0-1

[Event "Early-Titled-Tuesday-Blitz-May-07-2024"]
[Site "Chess.com"]
[Date "2024.05.07"]
[Round "4"]
[White "ReinisUz"]
[Black "manitodeplomo"]
[Result "1/2-1/2"]
[WhiteElo "2420"]
[BlackElo "2615"]
[TimeControl "180+1"]
[EndTime "8:41:45 PDT"]
[Termination "Game drawn by repetition"]

1. c4 g6 2. Nc3 Bg7 3. g3 c5 4.
Bg2 Nc6 5. Nf3 d6 6. O-O Qd7 7. d3 Bxc3 8. bxc3 b6 9. e4 Bb7 10. Re1 e5 11. Be3 f6 12. Nd2 Kf7 13. f4 Kg7 14. Nf3 Nh6 15. h3 Rhf8 16. Qd2 Nf7 17. Rf1 Rae8 18. Rae1 Qc7 19. g4 Qe7 20. f5 g5 21. Kf2 h6 22. Rh1 Rh8 23. Rh2 Reg8 24. Reh1 Kf8 25. h4 Ke8 26. hxg5 hxg5 27. Rxh8 Rxh8 28.
Rxh8+ Nxh8 29. Nxg5 fxg5 30. Bxg5 Qh7 31. Kg3 Nf7 32. Be3 Ne7 33. g5 Nxf5+ 34. exf5 Bxg2 35. Qxg2 Qxf5 36. Qa8+ Ke7 37. Qxa7+ Kf8 38. Qxb6 Qxd3 39.
Kf2 Qc2+ 40. Kf3 Qf5+ 41. Ke2 Qc2+ 42. Bd2 Qe4+ 43. Kd1 Qxc4 44. g6 Qg4+ 45. Kc1 Qxg6 46. a4 Qg1+ 47. Kc2 Qg6+ 48. Kc1 Qg1+ 49. Kb2 Qg2 50. Kc2 Qe4+ 51. Kb3 Qd5+ 52. Kc2 Qe4+ 53.
Kc1 Qh1+ 54. Kb2 Qg2 55. Kc1 Qh1+ 56. Kb2 Qg2 1/2-1/2